 Dungeon Crawl Stone Soup version 0.25-a0-413-g3b4b6a4ccc (webtiles) character file.

Game seed: 1454683623620051602, levelgen mode: deterministic

2949 Borgoz the Fighter (level 9, -12/59 HPs)
             Began as a Gargoyle Berserker on Jan 15, 2020.
             Was a Priest of Trog.
             Killed from afar by a lindwurm (31 damage)
             ... with a blast of flame
             ... on level 8 of the Dungeon.
             The game lasted 00:08:57 (6297 turns).

Borgoz the Fighter (Gargoyle Berserker)             Turns: 6297, Time: 00:08:58

Health: -12/59     AC: 16    Str: 27    XL:     9   Next: 81%
Magic:  9/9        EV: 14    Int:  9    God:    Trog [***...]
Gold:   485        SH:  0    Dex: 10    Spells: 8/8 levels left

rFire    . . .     SeeInvis .   a - +0 dire flail
rCold    . . .     Gourm    .   (shield currently unavailable)
rNeg     + . .     Faith    .   E - +0 troll leather armour
rPois    ∞         Spirit   .   (no helmet)
rElec    +         Reflect  .   z - +1 cloak {rPois}
rCorr    .         Harm     .   (no gloves)
MR       +....                  p - +1 pair of boots {Stlth+}
Stlth    +.........             (no amulet)
HPRegen  0.59/turn              q - +5 ring of strength
MPRegen  0.11/turn              o - ring of protection from magic

@: flying
A: negative energy resistance 1, electricity resistance, unbreathing,
petrification resistance, rot immunity, AC +6
a: Berserk, Trog's Hand, Renounce Religion


You were on level 8 of the Dungeon.
You worshipped Trog.
Trog was most pleased with you.
You were not hungry.

You visited 1 branch of the dungeon, and saw 8 of its levels.

You collected 485 gold pieces.

Inventory:

Hand Weapons
 a - a +0 dire flail (weapon)
Missiles
 D - a throwing net (quivered)
Armour
 p - a +1 pair of boots of stealth (worn)
 z - a +1 cloak of poison resistance (worn)
 E - a +0 troll leather armour (worn)
Jewellery
 o - a ring of protection from magic (right hand)
 q - a +5 ring of strength (left hand)
 s - an uncursed ring of ice
Wands
 B - a wand of iceblast (4)
Scrolls
 b - 2 scrolls of enchant weapon
 d - a scroll of teleportation {unknown}
 j - a scroll of fear {unknown}
 k - 2 scrolls of remove curse
 l - a scroll of blinking {unknown}
 t - a scroll of fog {unknown}
 x - a scroll of magic mapping {unknown}
 y - a scroll of random uselessness {unknown}
 C - a scroll of immolation {unknown}
Potions
 e - a potion of agility
 f - a potion of curing
 h - a potion of degeneration {unknown}
 i - 5 potions of might {unknown}
 m - a potion of invisibility
 n - 2 potions of flight
 u - a potion of haste
 A - a potion of mutation {unknown}
Comestibles
 c - 12 rations
 g - 7 chunks of flesh


   Skills:
 + Level 8.0 Fighting
 + Level 7.3 Maces & Flails
 + Level 7.6 Armour
 + Level 5.7 Dodging


You had 8 spell levels left.
You didn't know any spells.
Your spell library was empty.

Dungeon Overview and Level Annotations

Branches:
Dungeon (8/15)             Temple (0/1) D:4
   Lair: D:8-11

Altars:
Cheibriados
Elyvilon
Qazlal


Innate Abilities, Weirdness & Mutations

You are resistant to torment.
Your stone body is resilient. (AC +6)
You are immune to poison.
You resist negative energy. (rN+)
You are resistant to electric shocks. (rElec)
You can survive without breathing.
You are immune to petrification.
You are immune to rotting.


Message History

The lindwurm bites you but does no damage.
The lindwurm claws you but does no damage. x2
Found a potion of curing.
You puncture the lindwurm!
The lindwurm is moderately wounded.
The lindwurm breathes flames at you. The blast of flame hits you!
The lindwurm bites you!
The lindwurm claws you but does no damage.
The lindwurm barely misses you.
You impale the lindwurm!!
The lindwurm is severely wounded.
The lindwurm breathes flames at you. The blast of flame hits you!!
The lindwurm bites you but does no damage.
The lindwurm closely misses you.
The lindwurm claws you but does no damage.
The lindwurm breathes flames at you. The blast of flame hits you!!
Ouch! That really hurt!
You die...

###..###..≈≈§≈≈§≈....≈≈§§≈≈§..#
#.# #..≈≈§≈§..§##...§§§§≈..#
#.. #..≈≈≈≈≈..####..≈≈≈≈§..# #.
#...≈§≈≈..#.% .#§§§§≈§≈.. #
#.§§§≈§§§##k>|$##.≈≈≈≈§§.
#.≈≈§§§§k## }:%##.≈≈≈§≈.§
..##..§≈≈§≈§.#.[!.#..≈≈≈§≈..
.....§§≈≈≈≈≈kk####..≈§≈≈§...
...##§§≈≈≈≈@k..##..§≈§≈§§§..
#....§.≈§≈≈≈≈..§§§≈≈≈§§....
#.....≈≈≈≈≈≈≈≈≈§≈§≈≈≈≈≈....
#.#....≈≈≈≈≈§≈§§≈≈≈§≈.§...
#.....≈≈≈≈≈§≈§≈≈≈§.....#
##......≈§§≈§≈≈§.......#
##......§.§§..§......##
#..#............##..# .
##.#####....######.##


You could see 4 lindwurms.

Vanquished Creatures
  The ghost of Grizz the Cleaver, a novice MiCK of Xom (D:6)
  Grinder (D:3)
  Sigmund (D:6)
  A spriggan (D:8)
  Duvessa (D:4)
  A sky beast (D:5)
  A necrophage (D:8)
  2 ice beasts
  4 ogres
  2 centaurs
  A bullfrog (D:7)
  Blork the orc (D:6)
  Dowan (D:4)
  A scorpion (D:4)
  5 wights (D:7)
  3 howler monkeys (D:8)
  A crimson imp (D:6)
  A jelly (D:5)
  2 hounds
  4 iguanas
  A worker ant (D:4)
  4 gnolls (D:7)
  10 adders
  A shadow imp (D:6)
  An ooze (D:5)
  A worm (D:3)
  3 dart slugs (D:1)
  4 leopard geckos
  7 orcs
  9 giant cockroaches
  6 goblins
  8 hobgoblins
  5 jackals
  7 quokkas
  A ball python (D:4)
  14 bats
  7 frilled lizards
  5 kobolds
  A leopard gecko zombie (D:5)
  7 rats
137 creatures vanquished.

Notes
Turn   | Place    | Note
-------+----------+-------------------------------------------
     0 | D:1      | Borgoz the Gargoyle Berserker began the quest for the Orb.
     0 | D:1      | Reached XP level 1. HP: 14/14 MP: 1/1
    90 | D:1      | Reached XP level 2. HP: 10/19 MP: 2/2
   334 | D:1      | Reached XP level 3. HP: 15/23 MP: 3/3
   807 | D:2      | Reached ** piety under Trog
  1013 | D:2      | Reached XP level 4. HP: 28/29 MP: 4/4
  1624 | D:3      | Reached skill level 4 in Fighting
  1733 | D:3      | Noticed Grinder
  1764 | D:3      | Killed Grinder
  1764 | D:3      | Reached XP level 5. HP: 18/34 MP: 5/5
  1764 | D:3      | Reached XP level 6. HP: 21/39 MP: 6/6
  2187 | D:4      | Found a staircase to the Ecumenical Temple.
  2586 | D:4      | Found a snail-covered altar of Cheibriados.
  2644 | D:4      | Noticed Duvessa
  2646 | D:4      | Noticed Dowan
  2656 | D:4      | Killed Duvessa
  2656 | D:4      | Reached skill level 5 in Fighting
  2656 | D:4      | Reached XP level 7. HP: 44/44 MP: 7/7
  2669 | D:4      | Killed Dowan
  2841 | D:5      | Entered Level 5 of the Dungeon
  3073 | D:5      | Reached skill level 5 in Maces & Flails
  3196 | D:5      | Reached skill level 5 in Armour
  3261 | D:5      | Reached XP level 8. HP: 41/51 MP: 8/8
  3298 | D:5      | Reached *** piety under Trog
  3884 | D:6      | Noticed Blork the orc
  3890 | D:6      | Killed Blork the orc
  3890 | D:6      | Reached skill level 6 in Fighting
  4161 | D:6      | Noticed Sigmund
  4173 | D:6      | Killed Sigmund
  4446 | D:6      | Found a large runed translucent door.
  4446 | D:6      | Found a large runed translucent door.
  4447 | D:6      | Noticed Grizz's ghost (novice MiCK)
  4855 | D:6      | Killed Grizz's ghost
  4855 | D:6      | Reached XP level 9. HP: 55/56 MP: 9/9
  4898 | D:7      | Reached skill level 7 in Fighting
  4912 | D:7      | Reached skill level 5 in Dodging
  5118 | D:7      | Found a stormy altar of Qazlal.
  5517 | D:7      | Found a white marble altar of Elyvilon.
  6129 | D:8      | Noticed a lindwurm
  6273 | D:8      | Reached skill level 8 in Fighting
  6289 | D:8      | Noticed a lindwurm
  6293 | D:8      | Noticed a lindwurm
  6295 | D:8      | Noticed a lindwurm
  6297 | D:8      | Killed from afar by a lindwurm

Levels and vault maps discovered:
D:1:      lightli_arrival_statue_moat, layout_rooms
D:2:      layout_basic, first_ration, st_stairs_11
D:3:      layout_rooms, uniq_grinder
D:4:      layout_loops_ring, lemuel_doored_altar, minmay_temple_entry_junction,
          uniq_duvessa
D:5:      layout_basic
D:6:      layout_layer_cave, ebering_ghost_disaster_area, uniq_blork_the_orc,
          uniq_sigmund
D:7:      layout_basic, grunt_qazlal_clouds, marbit_many_paths
D:8:      layout_rooms, nicolae_overflow_crystal_walls, basic_altar,
          grunt_pizzeria, minmay_lindwurm_lava

Skill      XL: |  1  2  3  4  5  6  7  8  9 |
---------------+----------------------------+-----
Dodging        | 2 3 4 5 |  5.7
Armour         | 3 4 5 6 7 |  7.6
Fighting       | 4 5 6 8 |  8.0
Maces & Flails | 4 5 6 7 |  7.3

Action                   |  1- 3 |  4- 6 |  7- 9 || total
-------------------------+-------+-------+-------++-------
Melee: Mace              |    90 |       |       ||    90
       Flail             |    16 |   131 |    80 ||   227
       Dire flail        |       |       |   182 ||   182
Invok: Trog's Hand       |       |     3 |       ||     3
       Berserk           |       |     1 |     4 ||     5
  Use: Scroll            |     1 |     4 |     3 ||     8
       Potion            |       |       |     1 ||     1
 Stab: Sleeping          |       |     1 |     4 ||     5
  Eat: Chunk             |       |     7 |    13 ||    20
       Ration            |       |       |     1 ||     1
Armor: Animal skin       |     3 |       |       ||     3
       Ring mail         |    61 |    72 |     8 ||   141
       Scale mail        |       |       |    96 ||    96
       Troll leather arm |       |       |    25 ||    25
Dodge: Dodged            |    98 |    93 |   147 ||   338

Table legend:
 A = Non-vault XP
 B = Vault XP
 C = Vault XP percentage of total XP
 D = Non-vault monster count
 E = Vault monster count
 F = Vault count percentage of total count
                 A         B        C        D         E       F
            +---------+---------+-------+---------+---------+-------
      Total |    2431 |    1782 |  42.3 |     126 |      11 |   8.0
            +---------+---------+-------+---------+---------+-------
        D:1 |      45 |       0 |   0.0 |      24 |       0 |   0.0
        D:2 |      47 |       3 |   6.0 |      16 |       3 |  15.8
        D:3 |      40 |     262 |  86.8 |      22 |       1 |   4.3
        D:4 |     173 |     224 |  56.4 |       8 |       2 |  20.0
        D:5 |     461 |       0 |   0.0 |      13 |       0 |   0.0
        D:6 |     185 |     981 |  84.1 |       4 |       3 |  42.9
        D:7 |     894 |      97 |   9.8 |      30 |       1 |   3.2
        D:8 |     586 |     215 |  26.8 |       9 |       1 |  10.0
            +---------+---------+-------+---------+---------+-------
